 Dungeon Crawl Stone Soup version 0.31-a0-1511-g961fd35ebc (webtiles) character file.

Game seed: 3645749433223440178

20 Bnni the Apothecary (level 3, -7/26 HPs)
             Began as a Formicid Alchemist on Dec 30, 2023.
             Engulfed by a cloud of flame (21 damage)
             ... on level 1 of the Dungeon.
             The game lasted 00:01:50 (1400 turns).

Bnni the Apothecary (Formicid Alchemist)            Turns: 1400, Time: 00:01:50

Health: -7/26      AC:  3    Str: 12    XL:     3   Next: 0%
Magic:  6/6        EV: 12    Int: 16    God:
Gold:   77         SH:  0    Dex: 14    Spells: 4/7 levels left

rFire   . . .        c - +3 dagger
rCold   . . .        (no shield)
rNeg    . . .        a - +0 robe
rPois   .            (helmet unavailable)
rElec   .            (no cloak)
rCorr   .            (no gloves)
SInv    +            d - +0 pair of boots
Will    .....        (no amulet)
Stlth   ++           (no ring)
HPRegen 0.24/turn    (no ring)
MPRegen 0.10/turn

%: no passive effects
@: no status effects
A: permanent stasis, dig shafts and tunnels, antennae 3, four strong arms
a: Dig, Shaft Self


You were on level 1 of the Dungeon.
You visited 1 branch of the dungeon, and saw 1 of its levels.

You collected 77 gold pieces.

Inventory:

Hand Weapons
 c - a +3 dagger (weapon)
Armour
 a - a +0 robe (worn)
 d - a +0 pair of boots (worn)
Scrolls
 e - a scroll of identify {unknown}
 h - a scroll of blinking {unknown}
 j - 2 scrolls of brand weapon {unknown}
Potions
 b - a potion of magic
 f - 3 potions of ambrosia {unknown}
 g - a potion of resistance {unknown}
 i - a potion of haste {unknown}


   Skills:
 + Level 1.0 Fighting
 - Level 1.7 Dodging
 - Level 2.4 Stealth
 + Level 2.5 Spellcasting
 - Level 0.8 Conjurations
 * Level 4.7 Alchemy


You had 4 spell levels left.
You knew the following spells:

 Your Spells              Type           Power      Damage    Failure   Level
a - Sting                 Conj/Alch      40%        1d5       6%          1
b - Mercury Vapours       Alch/Air       18%        N/A       12%         2

Your spell library contained the following spells:

 Spells                   Type           Power      Damage    Failure   Level
 Mephitic Cloud           Conj/Alch/Air  7%         N/A       28%         3
 Olgreb's Toxic Radiance  Alch           17%        N/A       28%         4
 Sticky Flame             Fire/Alch      9%         2d5       58%         4


Dungeon Overview and Level Annotations

Branches:
Dungeon (1/15)

Altars:


Innate Abilities, Weirdness & Mutations

You cannot be hasted, slowed, berserked, paralysed or teleported.
You can dig through walls and to a lower floor.
You have a pair of large antennae on your head. (SInv)
Your four strong arms can wield two-handed weapons with a shield.


Message History

You kill the bat!
No target in view!
You see here a quokka corpse.
Found a ring mail.
Found a leather armour.
You see here a +0 ring mail.
There is a stone staircase leading down here.
You sense a monster nearby.
A bat comes into view.
You see here a +0 sling.
You hit the bat.
You kill the bat!
You have reached level 3!
Your experience leads to an increase in your attributes!
Increase (S)trength, (I)ntelligence, or (D)exterity?
You feel clever. x2
You see here a +0 sling.
Key pressed, stopping explore.
Key pressed, stopping explore.
You're in a travel-excluded area, stopping explore.
You're in a travel-excluded area, stopping explore.
You are engulfed in blazing flames.
Ouch! That really hurt!
You now have 49 gold pieces (gained 6).
You now have 60 gold pieces (gained 11).
You now have 70 gold pieces (gained 10).
Okay, then.
You now have 77 gold pieces (gained 7).
You start resting.
HP restored.
You are engulfed in blazing flames.
You start resting.
HP restored.
Okay, then.
You start waiting.
Done waiting.
You are engulfed in blazing flames.
You are engulfed in blazing flames.
Ouch! That really hurt!
You die...

######## #..........##
.......# #.#######...#
######.# ##.# #°○§#
...###.###..# #°°§#
.....#.#...## #○§§#
##.#.#.#.### ######...######
##...#...## ##.○§§.....§☼§.##
.....##...# #..○°§.....☼°§..#
##...#....# #..°@§.....§§○..#
.....#....###.#####...#####.#
##...#........# #§○○# #.#
...#.#........# #§○§# #.#
..............# #°☼§# #.#
...#.#....##### ###...# #.#
...#.#.#.## #.##.## #.#
##.#.#.#.# #....# ##.#
...#.#.#.# #.#### #..#


There were no monsters in sight!

Vanquished Creatures
  4 bats (D:1)
  2 endoplasms (D:1)
  3 goblins (D:1)
  A hobgoblin (D:1)
  A quokka (D:1)
  2 frilled lizards (D:1)
  3 kobolds (D:1)
  A rat (D:1)
17 creatures vanquished.

Notes
Turn   | Place    | Note
-------+----------+-------------------------------------------
     0 | D:1      | Bnni the Formicid Alchemist began the quest for the Orb.
     0 | D:1      | Reached XP level 1. HP: 13/13 MP: 3/3
    60 | D:1      | Found a faded altar of an unknown god.
    82 | D:1      | Reached XP level 2. HP: 18/20 MP: 0/5
   164 | D:1      | Learned a level 2 spell: Mercury Vapours
   716 | D:1      | Reached skill level 1 in Fighting
   931 | D:1      | Reached XP level 3. HP: 26/26 MP: 6/6
  1400 | D:1      | Engulfed by a cloud of flame

Illustrated notes

Levels and vault maps discovered:
D:1:      noname_arrival_rooms_in_the_neighbourhood, layout_basic,
          hellmonk_ecumenical_altar_lost_god, lemuel_flame_loot_1

Skill      XL: |  1  2 |
---------------+-------+-----
Fighting       | 1 |  1.0
Dodging        | |  1.7
Stealth        | |  2.4
Spellcasting   | |  2.5
Conjurations   | |  0.8
Alchemy        | |  4.7

Action                     || total
---------------------------++-------
  Melee: Dagger            ||    17
         Unarmed           ||     2
   Cast: Sting             ||    25
 Armour: Robe              ||    21
  Dodge: Dodged            ||    17

Table legend: (Time is in decaauts)
 A = Elapsed time spent in this place.
 B = Non-inter-level travel time spent in this place.
 C = Inter-level travel time spent in this place.
 D = Time resting spent in this place.
 E = Time spent auto-exploring this place.
 F = Levels seen in this place.
 G = Mean time per level.
                   A        B        C        D        E       F      G
               +--------+--------+--------+--------+--------+-----+--------+
         Total |   1399 |   1399 |      0 |    191 |   1027 |   1 | 1399.0 |
       Dungeon |   1399 |   1399 |      0 |    191 |   1027 |   1 | 1399.0 |
               +--------+--------+--------+--------+--------+-----+--------+

Top non-repeatable levels by time:
     D:1: 1399 daAuts
